 Dungeon Crawl Stone Soup version 0.19-a0-13-gc67dc5e (webtiles) character file.

445 Etesian the Chiller (level 6, 0/32 HPs)
             Began as a Deep Elf Ice Elementalist on Apr 29, 2016.
             Killed by divine providence
             ... invoked by an orc priest
              (15 damage)
             ... on level 4 of the Dungeon.
             The game lasted 00:11:01 (3669 turns).

Etesian the Chiller (Deep Elf Ice Elementalist)     Turns: 3669, Time: 00:11:02

Health: 0/32       AC:  3    Str:  5    XL:     6   Next: 72%
Magic:  2/14       EV: 14    Int: 22    God:
Gold:   74         SH:  0    Dex: 15    Spells: 4 memorised, 2 levels left

rFire  . . .     SeeInvis .     g - +4 quarterstaff (chaos)
rCold  . . .     Gourm    .     a - +0 robe
rNeg   . . .     Faith    .     (shield currently unavailable)
rPois  .         Spirit   .     (no helmet)
rElec  .         Dismiss  .     l - +0 cloak
rCorr  .         Reflect  .     (no gloves)
SustAt .         Harm     .     (no boots)
MR     .....                    (no amulet)
Stlth  ++........               (no ring)
                                (no ring)

@: not resistant to hostile enchantments, unstealthy
A: no striking features
a: no special abilities


You were on level 4 of the Dungeon.
You were not hungry.

You visited 1 branch of the dungeon, and saw 4 of its levels.

You collected 74 gold pieces.

Inventory:

Hand Weapons
 g - a +4 quarterstaff of chaos (weapon)
Armour
 a - a +0 robe (worn)
 l - a +0 cloak (worn)
Wands
 n - a wand of teleportation (2/9)
Potions
 e - a potion of haste
 h - a potion of flight
 i - 4 potions of heal wounds
 k - 2 potions of lignification {unknown}
Books
 b - a book of Frost

   Spells                             Type                      Level
   a - Freeze                         Ice                          1
   b - Throw Frost                    Conjuration/Ice              2
   c - Ozocubu's Armour               Charms/Ice                   3
   d - Throw Icicle                   Conjuration/Ice              4
   e - Summon Ice Beast               Ice/Summoning                4
 m - a Necronomicon

   Spells                             Type                      Level
   a - Haunt                          Necromancy/Summoning         7
   b - Borgnjor's Revivification      Necromancy                   8
   c - Death's Door                   Charms/Necromancy            8
   d - Necromutation                  Transmutation/Necromancy     8
Comestibles
 c - 2 bread rations
 d - a beef jerky
 f - a chunk of flesh
 j - a slice of pizza


   Skills:
 + Level 4.3 Dodging
 - Level 2.4 Stealth
 + Level 4.4 Spellcasting
 * Level 4.1 Conjurations
 * Level 5.8 Ice Magic


You had 2 spell levels left.
You knew the following spells:

 Your Spells              Type           Power        Failure   Level  Hunger
a - Freeze                Ice            ####         1%          1    None
b - Throw Frost           Conj/Ice       ####..       1%          2    #......
c - Throw Icicle          Conj/Ice       ####....     14%         4    ####...
d - Summon Ice Beast      Ice/Summ       ###.....     34%         4    ####...


Dungeon Overview and Level Annotations

Branches:
Dungeon (4/15)
 Temple: D:4-7

Altars:
Ashenzari
Vehumet
Xom
Zin


Message History

An orc wizard comes into view. It is wielding a dagger.
Things that are here:
a giant spiked club; an ogre corpse The orc wizard shouts!
Things that are here:
a giant spiked club; an ogre corpse You hit the orc priest.
The orc priest is heavily wounded.
The orc priest mumbles some strange prayers to Beogh against you.
Beogh smites you! The orc priest closely misses you.
You take 8 damage, and have 24/32 hp.
MASSIVE DAMAGE!!
You hit the orc priest.
The orc priest is severely wounded.
The orc priest hits you with a hand axe!
You take 9 damage, and have 15/32 hp.
MASSIVE DAMAGE!!
You barely miss the orc priest.
The orc priest is severely wounded.
The orc priest invokes the aid of Beogh against you.
Beogh smites you!
You die...

#......#
##.....###.
#......# .#
#......#..##
##..........#
#....#####..##
##....# ...# #####
#.....#####o.#
#...###.........@#
#.....#.........##
#...##.......####
#########..###
####


You could see an orc priest.

Vanquished Creatures
  A hungry ghost (D:3)
  An ogre (D:4)
  A hound (D:3)
  An orc priest (D:3)
  Crazy Yiuf (D:2)
  A worker ant (D:3)
  3 adders
  2 worms (D:2)
  3 dart slugs
  2 giant geckos
  2 orcs (D:3)
  12 bats
  3 giant cockroaches
  8 goblins
  8 hobgoblins
  7 jackals (D:2)
  11 kobolds
  A quokka (D:2)
  2 ball pythons
  A giant gecko skeleton (D:4)
  2 giant newts (D:2)
  5 rats
78 creatures vanquished.

Notes
Turn   | Place    | Note
--------------------------------------------------------------
     0 | D:1      | Etesian the Deep Elf Ice Elementalist began the quest for the Orb.
     0 | D:1      | Reached XP level 1. HP: 10/10 MP: 6/6
   130 | D:1      | Reached XP level 2. HP: 11/15 MP: 1/8
   151 | D:1      | Learned a level 2 spell: Throw Frost
   627 | D:1      | Reached skill level 4 in Ice Magic
   655 | D:1      | Reached XP level 3. HP: 14/19 MP: 9/9
   991 | D:2      | Found a shattered altar of Ashenzari.
  1713 | D:2      | Reached XP level 4. HP: 20/24 MP: 6/11
  1724 | D:2      | Noticed an angel
  1725 | D:2      | Found a glowing silver altar of Zin.
  1729 | D:2      | Found a shimmering altar of Xom.
  2251 | D:2      | Noticed Crazy Yiuf
  2289 | D:2      | Killed Crazy Yiuf
  2919 | D:3      | Reached XP level 5. HP: 28/28 MP: 5/12
  2928 | D:3      | Learned a level 4 spell: Throw Icicle
  2933 | D:3      | Learned a level 4 spell: Summon Ice Beast
  3094 | D:3      | Found a radiant altar of Vehumet.
  3199 | D:3      | Noticed a hungry ghost
  3226 | D:3      | Killed a hungry ghost
  3226 | D:3      | Reached skill level 5 in Ice Magic
  3226 | D:3      | Reached XP level 6. HP: 29/32 MP: 5/14
  3669 | D:4      | Killed from afar by an orc priest

Vault maps used:
D:1:      lemuel_arrival_broad_hall
D:2:      grunt_temple_overflow_order_and_chaos_1, evilmike_ruin_ashenzari,
          uniq_crazy_yiuf_cottage
D:3:      lemuel_doored_altar
D:4:      minmay_item_behind_shaft

Skill      XL: |  1  2  3  4  5  6 |
---------------+-------------------+-----
Dodging        | 3 4 |  4.3
Ice Magic      | 4 5 |  5.8
Conjurations   | 2 3 4 |  4.1
Spellcasting   | 4 |  4.4
Stealth        | |  2.4

Action                   |  1- 3 |  4- 6 || total
-------------------------+-------+-------++-------
Melee: Unarmed           |    10 |       ||    10
       Spear             |   100 |    29 ||   129
       Quarterstaff      |       |    43 ||    43
 Cast: Freeze            |    51 |     4 ||    55
       Throw Frost       |     3 |    25 ||    28
       Throw Icicle      |       |     4 ||     4
  Use: Scroll            |     6 |     4 ||    10
 Stab: Sleeping          |     6 |     4 ||    10
  Eat: Chunk             |     3 |     9 ||    12
Armor: Robe              |    27 |    18 ||    45
Dodge: Dodged            |   100 |    42 ||   142
